 Dungeon Crawl Stone Soup version 0.31.0-12-g77e489cdc1 (webtiles) character file.

Game seed: 8698722323851976449

3560 Silvore the Cleaver (level 9, -5/81 HPs)
             Began as a Minotaur Fighter on Feb 22, 2024.
             Was a Believer of Okawaru.
             Slain by a skeletal warrior
             ... wielding a +0 dire flail
              (22 damage)
             ... on level 7 of the Dungeon.
             The game lasted 00:06:25 (5100 turns).

Silvore the Cleaver (Minotaur Fighter)              Turns: 5100, Time: 00:06:26

Health: -5/81      AC: 17    Str: 24    XL:     9   Next: 83%
Magic:  0/8        EV:  6    Int:  5    God:    Okawaru [**....]
Gold:   380        SH: 14    Dex: 17    Spells: 8/8 levels left

rFire   . . .        a - +1 war axe
rCold   . . .        m - +3 kite shield
rNeg    . . .        g - +1 plate armour
rPois   .            (helmet restricted)
rElec   .            p - +2 cloak {Stlth+}
rCorr   .            (no gloves)
SInv    .            (no boots)
Will    .....        q - amulet of guardian spirit Stlth
                     o - +6 ring of dexterity
HPRegen 0.33/turn    (no ring)
MPRegen 0.11/turn

%: guardian spirit
@: mighty
A: horns 2, retaliatory headbutt
a: Renounce Religion, Heroism


You were on level 7 of the Dungeon.
You worshipped Okawaru.
Okawaru was pleased with you.
You visited 2 branches of the dungeon, and saw 8 of its levels.

You collected 380 gold pieces.

Inventory:

Hand Weapons
 a - a +1 war axe (weapon)
Missiles
 i - a throwing net (quivered)
Armour
 b - a +0 scale mail
 c - a +0 buckler
 f - a +0 cloak
 g - a +1 plate armour (worn)
 m - a +3 kite shield (worn)
 p - a +2 cloak of stealth (worn)
Jewellery
 o - a +6 ring of dexterity (left hand)
 q - an amulet of guardian spirit (around neck)
 v - a ring of protection from cold
 y - a +6 ring of intelligence
Wands
 s - a wand of mindburst (15)
 w - a wand of digging (6)
Scrolls
 k - 4 scrolls of teleportation
Potions
 d - a potion of might
 e - a potion of haste
 h - a potion of heal wounds
 j - a potion of berserk rage
 l - a potion of ambrosia
 n - a potion of mutation {unknown}
 r - a potion of curing {unknown}
 u - a potion of cancellation {unknown}
 x - a potion of brilliance {unknown}
 z - a potion of attraction {unknown}
 A - a potion of enlightenment {unknown}


   Skills:
 + Level 8.0 Fighting
 + Level 11.6 Axes
 + Level 7.4 Armour
 + Level 1.4 Dodging
 + Level 0.1 Stealth
 + Level 8.6 Shields


You had 8 spell levels left.
You didn't know any spells.
Your spell library was empty.

Dungeon Overview and Level Annotations

Branches:
Dungeon (7/15)             Temple (1/1) D:6

Altars:
Ashenzari
Cheibriados
Dithmenos
Elyvilon
Gozag
Hepliaklqana
Kikubaaqudgha
Okawaru
Qazlal
Trog
Uskayaw
Wu Jian
Xom
Zin

Shops:
D:3 :   D:5 ?


Innate Abilities, Weirdness & Mutations

You have a pair of horns on your head.
You reflexively headbutt those who attack you in melee.


Message History

You feel much better.
You block the skeletal warrior's attack.
You hit the skeletal warrior.
The skeletal warrior is almost destroyed.
The skeletal warrior completely misses you.
You hit the skeletal warrior.
Your headbutt misses the skeletal warrior.
The skeletal warrior is almost destroyed.
You block the skeletal warrior's attack.
You hit the skeletal warrior but do no damage.
You headbutt the skeletal warrior.
You destroy the skeletal warrior!
Okawaru is honoured by your kill.
Your Fighting skill increases to level 8!
You closely miss the skeletal warrior.
The skeletal warrior hits you with a +0 dire flail.
You slash the skeletal warrior!
You headbutt the skeletal warrior, but do no damage.
The skeletal warrior is lightly damaged.
You block the skeletal warrior's attack.
You slash the skeletal warrior!
The skeletal warrior is moderately damaged.
The skeletal warrior completely misses you.
You completely miss the skeletal warrior.
The skeletal warrior is moderately damaged.
The skeletal warrior hits you with a +0 dire flail!
* * * LOW HITPOINT WARNING * * *
You hit the skeletal warrior but do no damage.
The skeletal warrior is moderately damaged.
You block the skeletal warrior's attack.
You slash the skeletal warrior!
The skeletal warrior is moderately damaged.
You block the skeletal warrior's attack.
You completely miss the skeletal warrior.
The skeletal warrior is moderately damaged.
You block the skeletal warrior's attack.
You hit the skeletal warrior.
The skeletal warrior is moderately damaged.
The skeletal warrior hits you with a +0 dire flail!!
You die...

.....................#
...............?.....#
....................#
...................##
.................z##
.................##
................##
..............##z#
#...........####@##
#..........## ##.#
#.≈≈.....### #(#
#.≈§.§#### #.. #..§§##
##.# ..#### ..
.÷...### #.# .......##
.. ........## .##


You could see a skeletal warrior.

Vanquished Creatures
  3 skeletal warriors (D:7)
  A sky beast (D:6)
  2 ogres
  2 black bears (D:6)
  2 phantoms
  2 scorpions (D:5)
  2 bullfrogs
  3 wights (D:6)
  4 killer bees
  A bombardier beetle (D:3)
  2 jellies
  A quasit (D:7)
  An orc priest (D:7)
  4 hounds
  Jessica (D:2)
  Crazy Yiuf (D:2)
  2 iguanas (D:4)
  4 sleepcaps
  2 orc wizards
  5 adders
  7 gnolls
  3 shadow imps (D:7)
  3 white imps (D:7)
  2 ufetubi (D:7)
  5 ribbon worms
  3 dart slugs
  7 orcs
  10 ball pythons
  9 bats
  4 endoplasms
  6 giant cockroaches
  3 goblins
  9 hobgoblins
  8 kobolds
  3 frilled lizards
  7 rats
  A spectral kobold (D:6)
135 creatures vanquished.

Notes
Turn   | Place    | Note
-------+----------+-------------------------------------------
     0 | D:1      | Silvore the Minotaur Fighter began the quest for the Orb.
     0 | D:1      | Reached XP level 1. HP: 19/19 MP: 0/0
    55 | D:1      | Reached XP level 2. HP: 25/27 MP: 1/1
   274 | D:1      | Reached skill level 3 in Axes
   335 | D:1      | Found a faded altar of an unknown god.
   340 | D:1      | Reached XP level 3. HP: 32/33 MP: 2/2
  1024 | D:2      | Noticed Jessica
  1028 | D:2      | Killed Jessica
  1029 | D:2      | Reached skill level 4 in Axes
  1029 | D:2      | Reached XP level 4. HP: 40/40 MP: 3/3
  1173 | D:2      | Found a runed translucent door.
  1174 | D:2      | Noticed Crazy Yiuf
  1260 | D:2      | Killed Crazy Yiuf
  1414 | D:3      | Reached XP level 5. HP: 47/47 MP: 4/4
  1462 | D:3      | Found a shadowy altar of Dithmenos.
  1540 | D:3      | Reached skill level 5 in Axes
  1720 | D:3      | Found Pibap's Vocational Training.
  2113 | D:4      | Reached XP level 6. HP: 50/53 MP: 5/5
  2136 | D:4      | Reached skill level 6 in Axes
  2740 | D:5      | Entered Level 5 of the Dungeon
  2817 | D:5      | Reached skill level 5 in Fighting
  2817 | D:5      | Reached skill level 5 in Shields
  2904 | D:5      | Reached skill level 5 in Armour
  2904 | D:5      | Reached XP level 7. HP: 53/61 MP: 4/6
  2967 | D:5      | Reached skill level 7 in Axes
  3015 | D:5      | Found Zeduaddo's Magic Scroll Shop.
  3487 | D:5      | Found a glowing silver altar of Zin.
  3716 | D:6      | Found a staircase to the Ecumenical Temple.
  3731 | Temple   | Entered the Ecumenical Temple
  3770 | Temple   | Became a worshipper of Warmaster Okawaru
  3829 | D:6      | Reached skill level 8 in Axes
  3830 | D:6      | Reached XP level 8. HP: 68/70 MP: 7/7
  3991 | D:6      | Found a hazy altar of Hepliaklqana.
  4195 | D:6      | Found a snail-covered altar of Cheibriados.
  4221 | D:6      | Reached * piety under Okawaru
  4222 | D:6      | Reached skill level 9 in Axes
  4401 | D:6      | Reached skill level 1 in Dodging
  4719 | D:6      | Reached skill level 10 in Axes
  5011 | D:7      | Reached XP level 9. HP: 72/78 MP: 6/8
  5051 | D:7      | Noticed a skeletal warrior
  5053 | D:7      | Noticed a skeletal warrior
  5055 | D:7      | Noticed a skeletal warrior
  5056 | D:7      | Noticed a skeletal warrior
  5068 | D:7      | Killed a skeletal warrior
  5068 | D:7      | Reached ** piety under Okawaru
  5076 | D:7      | Killed a skeletal warrior
  5077 | D:7      | Reached skill level 11 in Axes
  5088 | D:7      | HP: 3/79 [skeletal warrior/+0 trident (9)]
  5092 | D:7      | Killed a skeletal warrior
  5100 | D:7      | Slain by a skeletal warrior

Illustrated notes

Levels and vault maps discovered:
D:1:      wander_arrival_fairy_ring, layout_rooms,
          shapermc_ecumenical_altar_notcrosses
D:2:      layout_loops_cross, dreamdust_mushroom_princess,
          nicolae_twisty_statue_hallways, uniq_jessica, uniq_crazy_yiuf_cottage
D:3:      layout_basic, grunt_dithmenos_smoke_and_mirrors,
          small_statue_intersection, nicolae_shop_vocational
D:4:      minmay_wonky_spiral, layout_basic, chequers_serial_rivers_small_b,
          minmay_misc_feat_hallway, grunt_decor_one_mirror
D:5:      layout_loops_ring, zin_scriptorium, serial_shops,
          nicolae_shop_crystal, item_on_display_a
D:6:      layout_basic, nicolae_hepliaklqana_monster_ancestors,
          chei_slow_surprise, minmay_temple_entry_arrows, hellmonk_no_cap
D:7:      layout_cave_pods, makhleb_grotto_becter, serial_demonic,
          serial_demonic_b, serial_demonic_g, serial_demonic_c,
          serial_demonic_g, serial_demonic_g, serial_demonic_a,
          serial_demonic_d, serial_demonic_a, serial_demonic_g,
          serial_demonic_g, gammafunk_ghost_stat_death, minmay_misc_feat_x,
          uniq_pikel
Temple:   hellmonk_temple_beads

Skill      XL: |  1  2  3  4  5  6  7  8  9 |
---------------+----------------------------+-----
Shields        | 4 5 6 8 |  8.6
Armour         | 4 5 6 7 |  7.4
Fighting       | 4 5 6 8 |  8.0
Axes           | 3 4 5 6 8 10 11 | 11.6
Dodging        | 1 |  1.4
Stealth        | |  0.1

Action                     |  1- 3 |  4- 6 |  7- 9 || total
---------------------------+-------+-------+-------++-------
  Melee: War axe           |    80 |    86 |   186 ||   352
         Headbutt          |     7 |    18 |    36 ||    61
    Use: Scroll            |     5 |     5 |     7 ||    17
         Potion            |       |       |     3 ||     3
 Armour: Plate armour      |    70 |    54 |   183 ||   307
         Scale mail        |     2 |       |       ||     2
  Dodge: Dodged            |    24 |    14 |    44 ||    82
  Block: Buckler           |    23 |       |       ||    23
         Kite shield       |     3 |    35 |   149 ||   187
